wizbiz, neutral female human Wizard ----- |..{| ------------ |....# #)).%.%%%.%.| |...|# ###|.%%%......+ ---|-# h |...%..\...| ### #@# --------- -- ## # ####### # #-----|-----# #|.<.......|# #-.........|# |.........|# |.........|# |..........# ----------- wizbiz the Conjurer Experience level: 5 Strength: 13 Dexterity: 13 Constitution: 11 Intelligence: 18 Wisdom: 9 Charisma: 10 Health: 0(29) Energy: 39(46) Def: 6 Gold: 1036 Moves: 2918 Dungeon seed: h_htlaZKtqB7Bygl Game ID: wizbiz_1525999624 Your Inventory: Coins $ - 1036 gold pieces Weapons a - a blessed +1 quarterstaff (weapon in hands) Armor e - an uncursed +0 cloak of magic resistance (being worn) n - a blessed +2 studded leather armor (being worn) y - an uncursed +0 dunce cap Comestibles r - 3 uncursed food rations D - an uncursed egg Scrolls s - 2 uncursed scrolls of earth x - an uncursed scroll of create monster H - an uncursed scroll of remove curse L - 2 uncursed scrolls of confuse monster M - a blessed scroll of amnesia Spellbooks k - a blessed spellbook of force bolt p - an uncursed spellbook of identify K - an uncursed spellbook of charm monster Potions h - an uncursed potion of gain ability F - a blessed potion of restore ability O - an uncursed potion of speed Rings c - an uncursed ring of stealth (on left hand) d - an uncursed ring of slow digestion (on right hand) B - a cursed ring of polymorph Wands b - a wand of enlightenment (0:15) o - a wand of magic missile (0:7) q - a wand of digging (0:5) Tools m - an uncursed blindfold t - an uncursed tin opener E - an uncursed skeleton key G - 2 uncursed wax candles (0:400) Spells and supernatural/magical abilities: Name Level Category Fail Memory a - force bolt 1 attack 0% 86% e - charm monster 3 enchantment 0% 96% k - knock 1 matter 0% 86% W - pray for help -- divine ? -- Your skills at the end: Fighting Skills Weapon Skills quarterstaff [Basic] Spellcasting Skills attack spells [Basic] enchantment spells [Basic] Final Attributes: You were piously aligned. You were magic-protected. You were telepathic. You were stealthy. You had slower digestion. You are dead. Vanquished creatures: a gnome king 3 bugbears a shrieker 3 gnome lords a floating eye a dwarf a homunculus 2 kobold lords a kobold shaman a hill orc a giant bat an acid blob 2 coyotes 3 manes 3 hobgoblins a giant rat a yellow mold a green mold a gnome 2 garter snakes a gnome zombie 6 jackals a fox a kobold 4 goblins 2 sewer rats 4 grid bugs 3 lichens 4 newts 57 creatures vanquished. Voluntary challenges: You were an atheist. You used a wielded weapon 39 times, starting on turn 10. You read items or engraved 9 times, starting on turn 47. You never genocided any monsters. You never polymorphed an object. You never changed form. You used no wishes. You never split a pudding. You never wrote Elbereth's name. You violated your moral code, losing 15 points of alignment, starting on turn 1792. Dungeon overview: The Dungeons of Doom: levels 1 to 5 Level 1 (vault) a fountain a long staircase Level 2 a fountain Level 3 a fountain a long staircase Level 4 a general store Level 5 <- You were here a fountain, a throne History has recorded: On T:1 you entered the Dungeons of Doom to retrieve the Amulet of Yendor! On T:204 you reached level 2 of The Dungeons of Doom. On T:942 you reached level 3 of The Dungeons of Doom. On T:1021 you reached level 4 of The Dungeons of Doom. On T:1138 you advanced to experience level 2. On T:1223 you advanced to experience level 3. On T:1586 you reached level 5 of The Dungeons of Doom. On T:2308 you advanced to experience level 4. On T:2512 you advanced to experience level 5. Score breakdown: Gold: 1036 (10258 points) Experience: 5 levels (11141 points) Exploration: 5 levels ( 9.62%) ( 8401 points) Discoveries: 10 items ( 3.47%) ( 5590 points) Valuables value: (no points given unless you survive) Artifact value: 0 ( 0 points) Variety of kills: 29 monsters ( 7.61%) ( 8276 points) Turncount: 2918 turns ( -559 points) Survival: died (score multiplied by 80%) Total score: 34485 Latest messages: You stop travelling. You hit the kobold lord. The kobold lord hits! You kill the kobold lord! The giant rat bites! You kill the giant rat! The kitten eats a giant rat corpse. You displace your kitten. The bugbear wields a cursed curved sword! The curved sword welds itself to the bugbear's hand! You miss the bugbear. You hit the bugbear. The bugbear swings her curved sword. The bugbear hits! You miss the bugbear. The bugbear tries to wield a curved sword. The bugbear's curved sword is welded to her hand! You miss the bugbear. The bugbear swings her curved sword. The bugbear hits! You hit the bugbear! You miss the bugbear. The bugbear swings her curved sword. The bugbear hits! You die... Final status: Goodbye wizbiz the Wizard, killed by a bugbear... You died in The Dungeons of Doom on dungeon level 5 with 34485 points, and 1036 pieces of gold, after 2918 moves. You were level 5 with a maximum of 29 hit points when you died.